 Dungeon Crawl Stone Soup version 0.23-a0-172-g8f65603 (webtiles) character file.

128 topirishpotato the Sneak (level 4, -1/22 HPs)
             Began as a Spriggan Skald on Sept 15, 2018.
             Slain by an orc
             ... wielding a +0 war axe
              (6 damage)
             ... on level 2 of the Dungeon.
             The game lasted 00:05:35 (2632 turns).

topirishpotato the Sneak (Spriggan Skald)           Turns: 2632, Time: 00:05:35

Health: -1/22      AC:  2    Str:  7    XL:     4   Next: 86%
Magic:  2/9        EV: 19    Int: 17    God:
Gold:   81         SH:  0    Dex: 16    Spells: 3/8 levels left

rFire    . . .     SeeInvis +   c - +0 dagger
rCold    . . .     Gourm    .   (shield restricted)
rNeg     . . .     Faith    .   b - +0 robe
rPois    .         Spirit   .   (helmet restricted)
rElec    .         Reflect  .   (no cloak)
rCorr    .         Harm     .   (gloves unavailable)
MR       .....                  (boots unavailable)
Stlth    +++.......             (no amulet)
HPRegen  0.07/turn              g - +3 ring of intelligence
MPRegen  0.11/turn              (no ring)

@: infused, very quick
A: very small, unfitting armour, see invisible, herbivore, speed 3, slow
metabolism 2
a: no special abilities


You were on level 2 of the Dungeon.
You were not hungry.

You visited 1 branch of the dungeon, and saw 3 of its levels.

You collected 81 gold pieces.

Inventory:

Hand Weapons
 a - a +0 short sword
 c - a +0 dagger (weapon)
Armour
 b - a +0 robe (worn)
Jewellery
 g - a +3 ring of intelligence (left hand)
 k - an uncursed ring of positive energy {unknown}
Scrolls
 h - 2 scrolls of remove curse
 i - a scroll of identify {unknown}
Potions
 f - a potion of heal wounds
 j - a potion of agility {unknown}
Comestibles
 d - 2 rations


   Skills:
 - Level 1.5 Fighting
 + Level 2.5 Short Blades
 + Level 3.7 Dodging
 + Level 6.5 Stealth
 - Level 2.6 Spellcasting
 + Level 4.5 Charms
 * Level 1.5 Translocations


You had 3 spell levels left.
You knew the following spells:

 Your Spells              Type           Power        Failure   Level  Hunger
a - Infusion              Chrm           ###.         2%          1    #......
b - Song of Slaying       Chrm           ###.....     4%          2    ##.....
c - Shroud of Golubria    Chrm/Tloc      ##........   8%          2    ##.....

Your spell library contained the following spells:

 Spells                   Type           Power        Failure   Level  Hunger
 Regeneration             Chrm/Necr      ##........   22%         3    ###....
 Spectral Weapon          Hex/Chrm       ##......     22%         3    ###....


Dungeon Overview and Level Annotations

Branches:
Dungeon (3/15)

Altars:
Cheibriados


Innate Abilities, Weirdness & Mutations

You are very small and have problems with some larger weapons.
You are too small for most types of armour.
You have supernaturally acute eyesight. (SInv)
You are a herbivore.
You cover ground extremely quickly.
You need to consume almost no food.


Message History

The orc priest is heavily wounded.
Your shroud begins to fray at the edges.
Your shroud bends the orc's attack away.
The orc priest closely misses you.
You hit the orc priest.
The orc priest is almost dead.
The orc hits you with a war axe!
Your shroud falls apart!
You barely miss the orc priest.
The orc priest is almost dead.
The orc priest hits you with a flail.
* * * LOW HITPOINT WARNING * * *
You hit the orc priest.
You kill the orc priest!
The orc hits you with a war axe.
* * * LOW HITPOINT WARNING * * *
You hit the orc.
The orc is lightly wounded.
The orc hits you with a war axe.
You die...

.#...................#
.......#.##.##.##.####
...............##.#
.......#.##.##.##.#
...............##.#######
.#..##.........##.......#
.#..#..........##.#####.#
...............##.......#
##......>.......@o......#
...............##)#######
###.r.###########.# #
#...# #.# # #...# #.# #
#..o# #.# # #r#.# #.#
###o#l# #.# ......# #.#


You could see an orc.

Vanquished Creatures
  An orc priest (D:2)
  4 adders (D:2)
  3 oozes (D:1)
  2 dart slugs
  2 leopard geckos (D:2)
  4 bats
  A giant cockroach (D:1)
  8 goblins
  4 hobgoblins
  2 jackals (D:2)
  6 kobolds
  A quokka (D:2)
  A ball python (D:1)
  3 frilled lizards
  5 rats
47 creatures vanquished.

Notes
Turn   | Place    | Note
-------+----------+-------------------------------------------
     0 | D:1      | topirishpotato the Spriggan Skald began the quest for the
                  | Orb.
     0 | D:1      | Reached XP level 1. HP: 10/10 MP: 5/5
    17 | D:1      | Reached skill level 1 in Stealth
   167 | D:1      | Reached skill level 2 in Stealth
   167 | D:1      | Reached XP level 2. HP: 14/14 MP: 6/6
   178 | D:1      | Reached skill level 3 in Stealth
   309 | D:1      | Found a snail-covered altar of Cheibriados.
   327 | D:1      | Reached skill level 4 in Stealth
   491 | D:1      | Reached XP level 3. HP: 17/18 MP: 8/8
  1264 | D:2      | Reached skill level 5 in Stealth
  1276 | D:2      | Learned a level 2 spell: Song of Slaying
  1279 | D:2      | Learned a level 2 spell: Shroud of Golubria
  1770 | D:2      | Reached skill level 6 in Stealth
  1770 | D:2      | Reached XP level 4. HP: 14/22 MP: 3/9
  2497 | D:2      | HP: 1/22 [orc priest/divine providence (11)]
  2566 | D:2      | Reached skill level 1 in Translocations
  2632 | D:2      | Slain by an orc

Vault maps used:
D:1:      erik_arrival_gehennom, cheibriados_altar_1
D:3:      grunt_temple_overflow_magic_moments, first_ration

Skill      XL: |  1  2  3  4 |
---------------+-------------+-----
Stealth        | 2 4 6 |  6.5
Translocations | 1 |  1.5
Fighting       | |  1.5
Short Blades   | |  2.5
Dodging        | |  3.7
Spellcasting   | |  2.6
Charms         | |  4.5

Action                   |  1- 3 |  4- 6 || total
-------------------------+-------+-------++-------
Melee: Short sword       |    54 |       ||    54
       Dagger            |    82 |    58 ||   140
 Cast: Infusion          |     5 |     3 ||     8
       Shroud of Golubri |       |     1 ||     1
  Use: Scroll            |     3 |       ||     3
       Potion            |       |     2 ||     2
 Stab: Sleeping          |    12 |     2 ||    14
Armor: Robe              |     8 |     3 ||    11
Dodge: Dodged            |   106 |    49 ||   155

Table legend:
 A = Non-vault XP
 B = Vault XP
 C = Vault XP percentage of total XP
 D = Non-vault monster count
 E = Vault monster count
 F = Vault count percentage of total count
                 A         B        C        D         E       F
            +---------+---------+-------+---------+---------+-------
      Total |     165 |      18 |   9.8 |      42 |       5 |  10.6
            +---------+---------+-------+---------+---------+-------
        D:1 |      35 |      18 |  34.0 |      18 |       5 |  21.7
        D:2 |     130 |       0 |   0.0 |      24 |       0 |   0.0
            +---------+---------+-------+---------+---------+-------
